 Dungeon Crawl Stone Soup version 0.30-a0-341-g682706514a (webtiles) character file.

Game seed: 606382384257215548

269 Lanoc the Shooter (level 6, -15/47 HPs)
             Began as a Formicid Hunter on Nov 3, 2022.
             Killed from afar by Dowan (16 damage)
             ... with a bolt of dispelling energy
             ... on level 4 of the Dungeon on Nov 4, 2022.
             The game lasted 00:04:19 (2328 turns).

Lanoc the Shooter (Formicid Hunter)                 Turns: 2328, Time: 00:04:20

Health: -15/47     AC:  4    Str: 13 (16) XL:     6   Next: 46%
Magic:  6/6        EV: 16    Int:  7 (8)  God:
Gold:   205        SH:  5    Dex: 19      Spells: 5/5 levels left

rFire   . . .      SeeInvis +    (no weapon)
rCold   + . .      Faith    .    w - +0 buckler
rNeg    . . .      Spirit   .    c - +0 leather armour
rPois   .          Reflect  .    (helmet unavailable)
rElec   .          Harm     .    (no cloak)
rCorr   .          Rampage  .    r - +0 pair of gloves
Will    .....                    (no boots)
Stlth   ++........               (no amulet)
HPRegen 0.27/turn                l - ring of protection from cold
MPRegen 0.10/turn                m - +4 ring of evasion

@: unable to read
A: permanent stasis, dig shafts and tunnels, antennae 3, four strong arms,
inability to read after injury 1
a: Dig, Shaft Self


You were on level 4 of the Dungeon.
You visited 2 branches of the dungeon, and saw 5 of its levels.

You collected 205 gold pieces.

Inventory:

Hand Weapons
 a - a +0 shortbow
Armour
 c - a +0 leather armour (worn)
 r - a +0 pair of gloves (worn)
 w - a +0 buckler (worn)
Jewellery
 l - a ring of protection from cold (left hand)
 m - a +4 ring of evasion (right hand)
 n - a +6 ring of intelligence
Wands
 i - a wand of mindburst (6)
 u - a wand of charming (7)
Scrolls
 b - 2 scrolls of immolation
 e - 2 scrolls of noise {unknown}
 f - a scroll of magic mapping {unknown}
 g - 7 scrolls of identify {unknown}
 k - a scroll of fear {unknown}
 p - a scroll of fog {unknown}
 s - a scroll of acquirement {unknown}


   Skills:
 + Level 3.5 Fighting
 * Level 5.5 Ranged Weapons
 + Level 2.5 Armour
 + Level 2.9 Dodging
 - Level 1.2 Stealth
 + Level 1.4 Shields


You had 5 spell levels left.
You didn't know any spells.
Your spell library contained the following spells:

 Spells                   Type           Power      Damage    Failure   Level
 Cigotuvi's Dreadful Rot  Necr/Pois/Air  0%         N/A       73%         2
 Poisonous Vapours        Pois/Air       0%         N/A       73%         2
 Mephitic Cloud           Conj/Pois/Air  0%         N/A       91%         3


Dungeon Overview and Level Annotations

Branches:
Dungeon (4/15)             Temple (1/1) D:4

Altars:
Ashenzari
Elyvilon
Hepliaklqana
Kikubaaqudgha
Makhleb
Nemelex Xobeh
Ru
Uskayaw
Wu Jian
Zin

Shops:
D:1 [

Annotations:
D:4 2 transporters, Dowan; mopl's ghost, amateur OpBr


Innate Abilities, Weirdness & Mutations

You cannot be hasted, slowed, berserked, paralysed or teleported.
You can dig through walls and to a lower floor.
You have a pair of large antennae on your head. (SInv)
Your four strong arms can wield two-handed weapons with a shield.
You occasionally lose the ability to read scrolls when taking damage.


Message History

The orc throws a stone.
The stone hits you but does no damage.
Dowan casts a spell.
Dowan blinks!
Your transformation is almost over.
You hit the orc priest.
The orc priest is heavily wounded.
The orc priest completely misses you.
You smack the orc priest!
You kill the orc priest!
The orc unwields a +0 hand axe.
The orc wields a +0 sling.
The orc shoots a sling bullet.
You block the sling bullet.
You feel your dexterity returning.
The orc hits you from afar with a +0 trident.
* * * LOW HITPOINT WARNING * * *
The orc shoots a sling bullet.
The sling bullet hits you but does no damage.
The orc hits you but does no damage.
You barely miss the orc. You block the orc's attack.
The orc unwields a +0 sling.
The orc wields a +0 hand axe.
The orc hits you but does no damage.
You smack the orc!
You kill the orc!
The orc hits you but does no damage.
You smack Dowan!
Dowan is moderately wounded.
Dowan zaps a wand.
The bolt of dispelling energy hits you!
Your magical effects are unravelling.
You feel threatened and lose the ability to read scrolls!
* * * LOW HITPOINT WARNING * * *
The orc hits you but does no damage.
Dowan zaps a wand.
The bolt of dispelling energy hits you.
* * * LOW HITPOINT WARNING * * *
You smack Dowan!
Dowan is almost dead.
You feel less wooden.
Your +0 pair of gloves unmelds from your body.
Your +0 leather armour unmelds from your body.
You feel a little less mighty now.
Dowan zaps a wand.
The bolt of dispelling energy hits you!
You die...

.#. . .#.. ... ... {
{ .... ... .....##.#
........# .
.....##o#####
..........e@..# ####
#.###.....###.#
....##.#~~~~~~~~~# #
.......#~#.....#~#.#
.......~.......~..#
.......~.......~..#
#.#..~...>...~..#
#.#..(.......~..#
#....~.......~..#


You could see Dowan (fast) and an orc.

Vanquished Creatures
  Duvessa (D:4)
  A jelly (D:3)
  An orc priest (D:4)
  4 adders
  A worm (D:2)
  3 dart slugs
  4 orcs
  3 ball pythons
  4 bats
  5 endoplasms
  2 giant cockroaches
  6 goblins
  2 hobgoblins (D:2)
  3 jackals (D:1)
  3 quokkas
  3 frilled lizards
  6 kobolds
  12 rats
64 creatures vanquished.

Notes
Turn   | Place    | Note
-------+----------+-------------------------------------------
     0 | D:1      | Lanoc the Formicid Hunter began the quest for the Orb.
     0 | D:1      | Reached XP level 1. HP: 16/16 MP: 1/1
   136 | D:1      | Reached XP level 2. HP: 23/23 MP: 2/2
   234 | D:1      | Found a faded altar of an unknown god.
   513 | D:1      | Found Vicsaur's Armour Shop.
   799 | D:2      | Reached XP level 3. HP: 24/28 MP: 3/3
   802 | D:2      | Reached skill level 1 in Armour
  1062 | D:2      | Reached XP level 4. HP: 34/34 MP: 4/4
  1689 | D:3      | Found a white marble altar of Elyvilon.
  1707 | D:3      | Reached skill level 5 in Ranged Weapons
  1707 | D:3      | Reached XP level 5. HP: 28/41 MP: 5/5
  2221 | D:4      | Found a transporter.
  2223 | D:4      | Found a transporter.
  2223 | D:4      | Noticed mopl's ghost (amateur OpBr)
  2262 | D:4      | Found a staircase to the Ecumenical Temple.
  2272 | D:4      | Noticed Duvessa
  2275 | D:4      | Noticed Dowan
  2283 | Temple   | Entered the Ecumenical Temple
  2295 | D:4      | HP: 2/41 [Duvessa/+0 short sword (3)]
  2297 | D:4      | Gained mutation: You occasionally lose the ability to read
                  | scrolls when taking damage. [potion of mutation]
  2310 | D:4      | Killed Duvessa
  2311 | D:4      | Reached skill level 1 in Shields
  2311 | D:4      | Reached XP level 6. HP: 18/47 MP: 6/6
  2327 | D:4      | HP: 2/70 [Dowan/bolt of dispelling energy (16)]
  2328 | D:4      | Killed from afar by Dowan

Illustrated notes

Levels and vault maps discovered:
D:1:      dpeg_arrival_central, layout_loops_ring, serial_shops,
          nicolae_shop_waterfront, shapermc_ecumenical_altar_acropolis,
          nrook_loot_triangle
D:2:      layout_basic, minmay_tetromino_l4
D:3:      layout_basic, old_standard_altar, minmay_crystal_water,
          minmay_bisected
D:4:      layout_basic, led_sif_book, minmay_temple_entry_water_ring,
          gammafunk_ghost_arena, hex_large, uniq_duvessa
Temple:   compressed_dpeg_triangle_lava_temple

Skill      XL: |  1  2  3  4  5 |
---------------+----------------+-----
Dodging        | 2 |  2.9
Armour         | 1 2 |  2.5
Fighting       | 3 |  3.5
Ranged Weapons | 5 |  5.5
Shields        | 1 |  1.4
Stealth        | |  1.2

Action                   |  1- 3 |  4- 6 || total
-------------------------+-------+-------++-------
Melee: Unarmed           |       |    14 ||    14
 Fire: Shortbow          |    82 |    91 ||   173
  Use: Potion            |       |     9 ||     9
Armor: Leather armour    |    11 |     8 ||    19
       Skin              |       |    15 ||    15
Dodge: Dodged            |    22 |    33 ||    55
Block: Buckler           |       |     6 ||     6

Table legend: (Time is in decaauts)
 A = Elapsed time spent in this place.
 B = Non-inter-level travel time spent in this place.
 C = Inter-level travel time spent in this place.
 D = Time resting spent in this place.
 E = Time spent auto-exploring this place.
 F = Levels seen in this place.
 G = Mean time per level.
                   A        B        C        D        E       F      G
               +--------+--------+--------+--------+--------+-----+--------+
         Total |   2381 |   2331 |     50 |      0 |   1893 |   5 |  476.2 |
       Dungeon |   2378 |   2328 |     50 |      0 |   1893 |   4 |  594.5 |
        Temple |      2 |      2 |      0 |      0 |      0 |   1 |    2.0 |
               +--------+--------+--------+--------+--------+-----+--------+

Top non-repeatable levels by time:
     D:1: 805 daAuts
     D:2: 709 daAuts
     D:3: 694 daAuts
     D:4: 168 daAuts
  Temple: 2 daAuts
